 Dungeon Crawl Stone Soup version 0.27.1-1-g398f81649c (webtiles) character file.

Game seed: 13493268732972763189

9750 zdrol the Carver (level 11, -11/94 HPs)
             Began as a Minotaur Fighter on Sept 8, 2021.
             Mangled by a nine-headed hydra (12 damage)
             ... on level 11 of the Dungeon.
             The game lasted 00:46:38 (13300 turns).

zdrol the Carver (Minotaur Fighter)                Turns: 13300, Time: 00:46:38

Health: -11/94     AC: 14    Str: 30    XL:     11   Next: 27%
Magic:  10/10      EV: 13    Int:  5    God:
Gold:   892        SH: 12    Dex: 10    Spells: 10/10 levels left

rFire    . . .     SeeInvis .   a - +3 long sword (drain)
rCold    . . .     Faith    .   c - +0 kite shield
rNeg     . . .     Spirit   .   p - +0 chain mail
rPois    .         Reflect  .   (helmet restricted)
rElec    .         Harm     .   n - +0 cloak {rCorr}
rCorr    +         Rampage  .   (no gloves)
Will     .....                  l - +0 pair of boots
Stlth    ..........             j - amulet of the acrobat
HPRegen  0.25/turn              b - +6 ring of strength
MPRegen  0.12/turn              i - +4 ring of evasion

@: no status effects
A: horns 2, retaliatory headbutt
a: no special abilities


You were on level 11 of the Dungeon.
You visited 1 branch of the dungeon, and saw 11 of its levels.
You also visited: Ossuary.

You collected 892 gold pieces.

Inventory:

Hand Weapons
 a - a +3 long sword of draining (weapon)
 x - a +4 vorpal long sword
Missiles
 h - 68 poisoned darts (quivered)
 u - a throwing net
 F - 4 boomerangs
Armour
 c - a +0 kite shield (worn)
 l - a +0 pair of boots (worn)
 n - a +0 cloak of preservation (worn)
 p - a +0 chain mail (worn)
Magical Staves
 g - a staff of air
Jewellery
 b - a +6 ring of strength (left hand)
 e - a ring of positive energy
 i - a +4 ring of evasion (right hand)
 j - an amulet of the acrobat (around neck)
 r - a ring of protection from fire
Wands
 o - a wand of flame (11)
 t - a wand of charming (16)
 B - a wand of digging (11)
 I - a wand of polymorph (22)
Scrolls
 d - 2 scrolls of holy word
 k - 3 scrolls of amnesia
 q - 3 scrolls of teleportation
 s - 2 scrolls of enchant armour
 v - 3 scrolls of identify
 y - a scroll of blinking {unknown}
 E - a scroll of magic mapping
Potions
 f - a potion of haste
 m - 3 potions of flight
 A - 3 potions of brilliance
 C - 2 potions of might
 D - a potion of attraction {unknown}
 G - 5 potions of curing
 H - a potion of cancellation {unknown}


   Skills:
 - Level 8.1 Fighting
 - Level 14.0 Long Blades
 + Level 2.7 Throwing
 - Level 9.1 Armour
 - Level 3.2 Dodging
 + Level 1.5 Stealth
 - Level 10.0 Shields


You had 10 spell levels left.
You didn't know any spells.
Your spell library contained the following spells:

 Spells                   Type           Power      Damage    Failure   Level
 Shock                    Conj/Air       0%         1d3       99%         1
 Ensorcelled Hibernation  Hex/Ice        0%         N/A       99%         2
 Passwall                 Tmut/Erth      0%         N/A       99%         2
 Sublimation of Blood     Necr           0%         N/A       99%         2
 Wereblood                Tmut           0%         N/A       99%         2
 Spider Form              Tmut/Pois      0%         N/A       100%        3
 Hailstorm                Conj/Ice       0%         3d3       100%        4
 Ice Form                 Ice/Tmut       0%         N/A       100%        4
 Summon Forest            Summ/Tloc      0%         N/A       100%        5
 Summon Mana Viper        Hex/Summ       0%         N/A       100%        5
 Iron Shot                Conj/Erth      0%         9d1       100%        6
 Shadow Creatures         Summ           N/A        N/A       100%        6
 Simulacrum               Ice/Necr       0%         N/A       100%        6
 Summon Hydra             Summ           0%         N/A       100%        7
 Lehudib's Crystal Spear  Conj/Erth      0%         10d2      100%        8
 Chain Lightning          Conj/Air       0%         N/A       100%        9
 Fire Storm               Conj/Fire      0%         5d1       100%        9


Dungeon Overview and Level Annotations

Branches:
Dungeon (11/15)            Temple (0/1) D:4            Lair (0/6) D:9
Ossuary (visited)
    Orc: D:9-12

Altars:
Nemelex Xobeh
Beogh

Shops:
D:5 (


Innate Abilities, Weirdness & Mutations

You have a pair of horns on your head.
You reflexively headbutt those who attack you in melee.


Message History

The six-headed hydra barely misses you.
You feel much better.
You block the six-headed hydra's attack.
The six-headed hydra bites you! The six-headed hydra bites you. x2
The six-headed hydra bites you but does no damage.
You block the six-headed hydra's attack.
You slice one of the six-headed hydra's heads off!
The five-headed hydra grows two more!
You slash the seven-headed hydra! You headbutt the seven-headed hydra!
The seven-headed hydra is moderately wounded.
You block the seven-headed hydra's attack.
The seven-headed hydra bites you. x2
* * * LOW HITPOINT WARNING * * *
The seven-headed hydra bites you but does no damage.
The seven-headed hydra bites you!
* * * LOW HITPOINT WARNING * * *
You block the seven-headed hydra's attack. x2
You hit the seven-headed hydra.
The seven-headed hydra is moderately wounded.
You chop one of the seven-headed hydra's heads off!
The six-headed hydra grows two more!
You slash the eight-headed hydra!
The eight-headed hydra is moderately wounded.
The eight-headed hydra bites you but does no damage.
The eight-headed hydra bites you.
* * * LOW HITPOINT WARNING * * *
You block the eight-headed hydra's attack.
The eight-headed hydra bites you but does no damage.
You block the eight-headed hydra's attack. x2
The eight-headed hydra completely misses you.
The eight-headed hydra closely misses you.
You slice one of the eight-headed hydra's heads off!
The seven-headed hydra grows two more!
You slash the nine-headed hydra!
The nine-headed hydra is moderately wounded.
The nine-headed hydra bites you.
* * * LOW HITPOINT WARNING * * *
The nine-headed hydra bites you!
* * * LOW HITPOINT WARNING * * *
You block the nine-headed hydra's attack.
The nine-headed hydra bites you!
You die...

..........#
##9[(......#
....c.....#
#..O..... #.....#
######.....
.........#########.#
#.(.D@))......#
#...###########
#.........#
........######.#
##.####.######.#
.........########
##<#####.........#
#.# #.#######.# #.#
#.........#


You could see a nine-headed hydra.

Vanquished Creatures
  Erica (D:8)
  2 two-headed ogres
  Maurice (D:8)
  A gargoyle (D:11)
  Maggie (D:10)
  A kobold demonologist (D:10)
  Grinder (D:5)
  Prince Ribbit (D:7)
  A wraith (D:10)
  2 wyverns
  Eustachio (D:5)
  6 yaks (D:10)
  2 steam dragons
  An ice beast (D:8)
  7 orc warriors
  3 ogres
  4 centaurs
  2 phantoms
  A bullfrog (D:8)
  8 kobold brigands
  A scorpion (D:5)
  A gnoll sergeant (D:5)
  15 wights
  7 centaur zombies
  A bullfrog zombie (D:5)
  2 jellies (D:5)
  3 human zombies (Ossuary)
  2 orc priests
  Crazy Yiuf (D:3)
  A centaur skeleton (D:6)
  3 gnoll shamans
  A hound (D:5)
  Ijyb (D:3)
  5 iguanas
  8 orc wizards
  A scorpion zombie (D:5)
  A killer bee zombie (D:7)
  A hound skeleton (D:5)
  4 mummies
  A howler monkey zombie (D:6)
  22 gnolls
  5 adders
  3 white imps (D:6)
  A worm (D:4)
  5 dart slugs
  33 orcs
  8 bats
  6 endoplasms
  4 giant cockroaches
  4 goblins
  4 hobgoblins
  27 kobolds
  2 quokkas (D:2)
  3 ball pythons
  3 frilled lizards
  A gnoll zombie (Ossuary)
  3 hobgoblin zombies
  An orc zombie (Ossuary)
  12 rats
254 creatures vanquished.

Vanquished Creatures (others)
  An orc wizard (D:8)
  2 kobolds
3 creatures vanquished.

Grand Total: 257 creatures vanquished

Notes
Turn   | Place    | Note
-------+----------+-------------------------------------------
     0 | D:1      | zdrol the Minotaur Fighter began the quest for the Orb.
     0 | D:1      | Reached XP level 1. HP: 19/19 MP: 0/0
    52 | D:1      | Reached XP level 2. HP: 6/27 MP: 1/1
   575 | D:1      | Reached XP level 3. HP: 33/33 MP: 2/2
  1050 | D:2      | Reached skill level 3 in Long Blades
  2025 | D:3      | Reached XP level 4. HP: 40/40 MP: 3/3
  2391 | D:3      | Found a runed translucent door.
  2392 | D:3      | Noticed Crazy Yiuf
  2401 | D:3      | Killed Crazy Yiuf
  2582 | D:3      | Noticed Ijyb
  2601 | D:3      | Killed Ijyb
  2602 | D:3      | Reached skill level 4 in Long Blades
  3014 | D:4      | Reached skill level 5 in Armour
  3014 | D:4      | Reached XP level 5. HP: 44/46 MP: 4/4
  3029 | D:5      | Entered Level 5 of the Dungeon
  3149 | D:5      | Found a sand-covered staircase.
  3177 | Ossuary  | Entered an ossuary
  3228 | Ossuary  | Reached XP level 6. HP: 48/55 MP: 5/5
  3231 | Ossuary  | Reached skill level 5 in Long Blades
  3275 | Ossuary  | Reached skill level 1 in Dodging
  3422 | Ossuary  | Reached skill level 5 in Fighting
  3475 | Ossuary  | Reached skill level 5 in Shields
  3633 | D:5      | Reached XP level 7. HP: 19/61 MP: 6/6
  3850 | D:5      | Found Kekin's Weapon Shoppe.
  3862 | D:5      | Noticed Eustachio
  3888 | D:5      | Reached skill level 6 in Long Blades
  3915 | D:5      | Killed Eustachio
  4433 | D:5      | Noticed Grinder
  4437 | D:5      | Paralysed by Grinder for 5 turns
  4462 | D:5      | Killed Grinder
  4463 | D:5      | Reached skill level 7 in Long Blades
  4463 | D:5      | Reached XP level 8. HP: 43/70 MP: 7/7
  4873 | D:5      | Reached skill level 8 in Long Blades
  5218 | D:4      | Found a staircase to the Ecumenical Temple.
  6596 | D:6      | Reached skill level 1 in Throwing
  7219 | D:7      | Reached skill level 9 in Long Blades
  7223 | D:7      | Reached XP level 9. HP: 67/78 MP: 8/8
  7413 | D:7      | Noticed Prince Ribbit
  7424 | D:7      | Killed Prince Ribbit
  8247 | D:7      | Reached skill level 10 in Long Blades
  8706 | D:8      | Noticed Erica
  8708 | D:8      | Identified the +0 leather armour of Brilliance {rF- rC+
                  | Str+4 Dex+2}
  8718 | D:8      | Killed Erica
  8961 | D:8      | Got the Incunabulum of Shifting Arcane Weapons
  9111 | D:8      | Noticed Maurice
  9221 | D:8      | Killed Maurice
  9222 | D:8      | Reached skill level 11 in Long Blades
  9222 | D:8      | Reached XP level 10. HP: 34/88 MP: 9/9
 10439 | D:9      | Found a staircase to the Lair.
 10756 | D:9      | Noticed a two-headed ogre
 10783 | D:9      | Killed a two-headed ogre
 10813 | D:9      | Reached skill level 12 in Long Blades
 10827 | D:10     | Entered Level 10 of the Dungeon
 11083 | D:9      | Reached skill level 10 in Shields
 11330 | D:10     | Identified a scroll of acquirement
 11330 | D:10     | Acquired a +4 vorpal long sword
 11378 | D:10     | Found a sparkling altar of Nemelex Xobeh.
 12077 | D:10     | Noticed Maggie
 12093 | D:10     | Killed Maggie
 12094 | D:10     | Reached skill level 13 in Long Blades
 12094 | D:10     | Reached XP level 11. HP: 46/91 MP: 10/10
 13263 | D:11     | Noticed a two-headed ogre
 13280 | D:11     | Killed a two-headed ogre
 13281 | D:11     | Reached skill level 14 in Long Blades
 13290 | D:11     | Reached skill level 1 in Stealth
 13290 | D:11     | Noticed a six-headed hydra
 13300 | D:11     | HP: 1/94 [nine-headed hydra (10)]
 13300 | D:11     | Mangled by a nine-headed hydra

Illustrated notes

Levels and vault maps discovered:
D:1:      tarquinn_simple_flora_water_b, layout_rooms, serial_bayou_ford_a,
          minmay_rat_gold_closets
D:2:      layout_basic
D:3:      layout_loops_ring, uniq_crazy_yiuf_cottage, uniq_ijyb
D:4:      layout_layer_cave, minmay_temple_entry_offerings
D:5:      layout_rooms, serial_shops, nicolae_shop_behind_doors,
          nicolae_ossuary_entry_giza, kennysheep_generic_room_5, uniq_eustachio,
          uniq_grinder
D:6:      layout_rooms, serial_corexii_hall, chequers_hall_statues_y,
          corexii_hall_statues_x, corexii_corridor_pit, item_on_display_a
D:7:      layout_basic, serial_rivers, chequers_serial_rivers_micro_e,
          chequers_serial_rivers_small_b, chequers_serial_rivers_small_a,
          chequers_serial_rivers_large_a, chequers_serial_rivers_micro_a,
          uniq_prince_ribbit1
D:8:      layout_cave_pools, dk_noncrumbling_4, dk_vineyard_1, uniq_erica,
          uniq_maurice
D:9:      layout_rooms, lair_entry_dummy, special_room [special_room_orc]
D:10:     layout_stronghold, nemelex_spade_bored_becter, glass_columns_a,
          uniq_maggie
D:11:     layout_loops_ring, uniq_fannar

Skill      XL: |  1  2  3  4  5  6  7  8  9 10 11 |
---------------+----------------------------------+-----
Armour         | 4 5 6 7 8 9 |  9.1
Fighting       | 4 5 6 7 8 |  8.1
Shields        | 4 5 6 8 10 | 10.0
Long Blades    | 3 4 5 7 9 11 13 14 | 14.0
Dodging        | 1 2 3 |  3.2
Throwing       | 1 2 |  2.7
Stealth        | 1 |  1.5

Action                   |  1- 3 |  4- 6 |  7- 9 | 10-12 || total
-------------------------+-------+-------+-------+-------++-------
Melee: Long sword        |    93 |   109 |   283 |   265 ||   750
       Headbutt          |     8 |    38 |    51 |    74 ||   171
Throw: Dart              |     1 |     4 |    13 |     3 ||    21
  Use: Scroll            |     1 |     3 |     4 |     5 ||    13
       Potion            |       |     1 |     5 |     2 ||     8
Armor: Scale mail        |    62 |     3 |       |       ||    65
       Chain mail        |       |    33 |   121 |    75 ||   229
Dodge: Dodged            |    28 |    46 |   139 |   140 ||   353
Block: Kite shield       |    72 |    44 |   170 |   184 ||   470
       Rpst.: Long sword |     4 |     9 |    32 |    30 ||    75
